 Dungeon Crawl Stone Soup version 0.29.1-14-g9c671dbff4 (webtiles) character file.

Game seed: 9361031697640344189

825 styxcanada the Covert (level 7, 0/31 HPs)
             Began as a Spriggan Brigand on Feb 16, 2023.
             Killed by divine providence
             ... invoked by an orc priest
              (8 damage)
             ... on level 6 of the Dungeon on Feb 18, 2023.
             The game lasted 00:20:48 (4628 turns).

styxcanada the Covert (Spriggan Brigand)            Turns: 4628, Time: 00:20:49

Health: 0/31       AC:  7    Str:  7    XL:     7   Next: 64%
Magic:  10/10      EV: 18    Int: 12    God:
Gold:   197        SH:  5    Dex: 19    Spells: 5/9 levels left

rFire   . . .      SeeInvis +   a - +2 dagger (venom)
rCold   . . .      Faith    .   v - +0 buckler
rNeg    . . .      Spirit   .   b - +1 robe
rPois   .          Reflect  .   (helmet restricted)
rElec   .          Harm     .   k - +2 cloak {Stlth+}
rCorr   .          Rampage  .   (gloves unavailable)
Will    +....                   (boots unavailable)
Stlth   ++++++....              (no amulet)
HPRegen 0.10/turn               (no ring)
MPRegen 0.12/turn               (no ring)

@: unable to read, very quick
A: very small, no large weapons, unfitting armour, see invisible, speed 3,
talons 1, frail 1, shaggy fur 1, inability to read after injury 1
a: no special abilities


You were on level 6 of the Dungeon.
You visited 1 branch of the dungeon, and saw 6 of its levels.

You collected 197 gold pieces.

Inventory:

Hand Weapons
 a - a +2 dagger of venom (weapon)
 o - a +2 dagger of freezing
Missiles
 c - 10 poisoned darts (quivered)
 d - 6 atropa-tipped darts
 e - 3 curare-tipped darts
 t - a boomerang
Armour
 b - a +1 robe (worn)
 k - a +2 cloak of stealth (worn)
 v - a +0 buckler (worn)
Jewellery
 g - an amulet of regeneration
 h - a ring of positive energy
 i - a ring of ice
Wands
 q - a wand of acid (10)
Scrolls
 n - 2 scrolls of magic mapping
 s - a scroll of teleportation
 u - a scroll of enchant armour
Potions
 f - 2 potions of brilliance
 j - a potion of ambrosia
 l - 3 potions of heal wounds
 m - 2 potions of lignification {unknown}
 p - 2 potions of curing
 r - a potion of flight {unknown}
 w - a potion of magic {unknown}


   Skills:
 * Level 2.7 Fighting
 + Level 4.1 Short Blades
 + Level 3.1 Throwing
 * Level 4.0 Dodging
 * Level 10.5 Stealth
 * Level 1.7 Spellcasting
 * Level 0.6 Conjurations
 * Level 1.6 Hexes
 + Level 0.2 Evocations


You had 5 spell levels left.
You knew the following spells:

 Your Spells              Type           Power      Damage    Failure   Level
a - Confusing Touch       Hex            4%         N/A       67%         3
b - Magic Dart            Conj           8%         1d3       43%         1

Your spell library contained the following spells:

 Spells                   Type           Power      Damage    Failure   Level
 Foxfire                  Conj/Fire      4%         2x1d4     50%         1
 Conjure Flame            Conj/Fire      1%         6-21      86%         3
 Mephitic Cloud           Conj/Pois/Air  1%         N/A       86%         3
 Stone Arrow              Conj/Erth      2%         3d7       86%         3
 Animate Armour           Summ/Erth      2%         N/A       99%         4
 Yara's Violent Unravell  Hex/Tmut       1%         3d3       100%        5
 Enfeeble                 Hex            2%         N/A       100%        7
 Lehudib's Crystal Spear  Conj/Erth      0%         10d2      100%        8


Dungeon Overview and Level Annotations

Branches:
Dungeon (6/15)
 Temple: D:4-7

Altars:

Shops:
D:4 ([([


Innate Abilities, Weirdness & Mutations

You are very small and have problems with some larger weapons.
You are too small for most types of armour.
You have supernaturally acute eyesight. (SInv)
You cover ground extremely quickly. (Speed+++)
You have sharp toenails.
You are frail. (-10% HP)
You are covered in fur. (AC +1)
You occasionally lose the ability to read scrolls when taking damage.


Message History

Throw: 16 darts (poison)
Press: ? - help, Q - select action, (/) - cycle Shift-Dir - straight line, f - orc
Aim: an orc, wielding a +0 flail (63% to hit)
You throw a poisoned dart.
The poisoned dart closely misses the orc.
The poisoned dart hits the orc.
The orc is poisoned.
The orc is heavily wounded.
Throw: 15 darts (poison)
Press: ? - help, Q - select action, (/) - cycle Shift-Dir - straight line, f/p - orc
Aim: an orc, wielding a +0 flail (63% to hit)
You throw a poisoned dart.
The poisoned dart closely misses the orc.
You kill the orc!
Throw: 14 darts (poison)
Press: ? - help, Q - select action, (/) - cycle Shift-Dir - straight line, f/p - orc
Aim: an orc, wielding a +0 flail (63% to hit)
You throw a poisoned dart.
The poisoned dart closely misses the orc.
Unknown command.
Throw: 13 darts (poison)
Press: ? - help, Q - select action, (/) - cycle Shift-Dir - straight line, f/p - orc
Aim: an orc, wielding a +0 flail (63% to hit)
You throw a poisoned dart. The poisoned dart hits the orc!
The orc is poisoned.
The orc priest looks encouraged for a moment.
Throw: 12 darts (poison)
Press: ? - help, Q - select action, (/) - cycle Shift-Dir - straight line, f/p - orc
Aim: an orc, wielding a +0 flail (lightly wounded, very poisoned, 63% to hit)
You throw a poisoned dart.
The poisoned dart barely misses the orc.
The poisoned dart hits the orc priest.
The orc priest is poisoned.
Throw: 11 darts (poison)
Press: ? - help, Q - select action, (/) - cycle Shift-Dir - straight line, f/p - orc
Aim: an orc, wielding a +0 flail (lightly wounded, very poisoned, 63% to hit)
You throw a poisoned dart. The poisoned dart hits the orc.
The orc looks even sicker.
The orc is lightly wounded.
The orc priest mumbles some strange prayers to Beogh against you.
Beogh smites you!
You feel threatened and lose the ability to read scrolls!
You die...

### ## #... .###
...#... ...#.. ..
#...# ... #...## #...
###@.###..#
#..o<....# #..(....##
#.......# ###......##
#..#####........#
#........###o(..####
..#####.####(........
#..##..........


You could see an orc priest (poisoned) and an orc (very poisoned).

Vanquished Creatures
  Prince Ribbit (D:5)
  Sigmund (D:2)
  A phantom (D:5)
  A scorpion (D:5)
  A howler monkey (D:4)
  A hound (D:5)
  Crazy Yiuf (D:2)
  Terence (D:3)
  3 gnolls (D:3)
  7 adders
  A shadow imp (D:6)
  8 worms
  2 dart slugs (D:1)
  12 orcs
  7 ball pythons
  8 bats
  3 endoplasms
  2 giant cockroaches (D:4)
  4 goblins
  8 hobgoblins
  3 jackals (D:2)
  3 quokkas (D:3)
  A frilled lizard (D:1)
  9 kobolds
  7 rats
  A spectral kobold (D:1)
97 creatures vanquished.

Vanquished Creatures (others)
  8 plants (D:3)
8 creatures vanquished.

Grand Total: 105 creatures vanquished

Notes
Turn   | Place    | Note
-------+----------+-------------------------------------------
     0 | D:1      | styxcanada the Spriggan Brigand began the quest for the
                  | Orb.
     0 | D:1      | Reached XP level 1. HP: 10/10 MP: 2/2
    23 | D:1      | Reached skill level 6 in Stealth
   240 | D:1      | Found a faded altar of an unknown god.
   261 | D:1      | Reached XP level 2. HP: 12/14 MP: 3/3
  1222 | D:2      | Reached XP level 3. HP: 18/18 MP: 4/4
  1239 | D:2      | Found a runed translucent door.
  1240 | D:2      | Noticed Crazy Yiuf
  1282 | D:2      | Killed Crazy Yiuf
  1283 | D:2      | Reached skill level 7 in Stealth
  1536 | D:2      | Reached XP level 4. HP: 22/23 MP: 5/5
  1601 | D:2      | Noticed Sigmund
  1661 | D:2      | Killed Sigmund
  1662 | D:2      | Reached skill level 8 in Stealth
  1662 | D:2      | Reached XP level 5. HP: 26/26 MP: 6/6
  1888 | D:2      | Gained mutation: You have sharp toenails. [potion of
                  | mutation]
  1888 | D:2      | Gained mutation: You are frail. (-10% HP) [potion of
                  | mutation]
  1888 | D:2      | Gained mutation: Your flesh is cold resistant. (rC+)
                  | [potion of mutation]
  1889 | D:2      | Lost mutation: Your flesh is cold resistant. (rC+) [potion
                  | of mutation]
  1889 | D:2      | Lost mutation: You have sharp toenails. [potion of
                  | mutation]
  1889 | D:2      | Gained mutation: You are covered in fur. (AC +1) [potion of
                  | mutation]
  1889 | D:2      | Gained mutation: You have sharp toenails. [potion of
                  | mutation]
  1889 | D:2      | Gained mutation: You occasionally lose the ability to read
                  | scrolls when taking damage. [potion of mutation]
  2032 | D:2      | Reached XP level 6. HP: 27/27 MP: 7/7
  2104 | D:3      | Noticed Terence
  2322 | D:3      | Killed Terence
  2386 | D:3      | Learned a level 3 spell: Confusing Touch
  2620 | D:4      | Found Xooriv's Antique Armour Emporium.
  2697 | D:4      | Found Jihun's Weapon Emporium.
  2737 | D:4      | Reached skill level 9 in Stealth
  2843 | D:4      | Got the Catalogue of the Barrage
  2846 | D:4      | Learned a level 1 spell: Magic Dart
  3101 | D:4      | Found Kibretof's Armour Emporium.
  3160 | D:4      | Found Igadafam's Weapon Shoppe.
  3360 | D:5      | Entered Level 5 of the Dungeon
  3503 | D:5      | Reached skill level 1 in Spellcasting
  3523 | D:5      | Noticed Prince Ribbit
  3536 | D:5      | Killed Prince Ribbit
  3537 | D:5      | Reached skill level 10 in Stealth
  3537 | D:5      | Reached skill level 1 in Hexes
  3537 | D:5      | Reached XP level 7. HP: 31/31 MP: 8/10
  4628 | D:6      | Killed from afar by an orc priest

Illustrated notes

Levels and vault maps discovered:
D:1:      ncdulo_watergridlock, layout_basic,
          dreamdust_ecumenical_altar_drowned_temple, minmay_octomino_j4
D:2:      layout_rooms, amcnicky_mini_rare_corridor_liquid,
          uniq_crazy_yiuf_cottage, uniq_sigmund
D:3:      layout_rooms, serial_bayou_lagoon_a, uniq_terence
D:4:      layout_cave_pools, serial_shops, nicolae_shop_bloodbath_and_beyond,
          nicolae_shop_overgrown_old_shop, kennysheep_little_box,
          nicolae_shop_stone, grunt_decor_cap
D:5:      layout_gridville, serial_co_window_serial, co_window_paths_b,
          co_window_paths_a, co_window_paths_a, co_window_cross_1,
          co_window_of_opportunity_a, co_window_corner_a, co_window_paths_c,
          co_window_broadway_a, co_window_broadway_a, co_window_2corner,
          co_window_corner_b, co_window_of_opportunity_b, co_window_broadway_a,
          glass_columns_a, glass_columns_b, nicolae_wormholes,
          uniq_prince_ribbit1
D:6:      layout_layer_cave, lemuel_tele_altar, minmay_temple_entry_tees,
          serial_shops, nicolae_shop_waterfront

Skill      XL: |  1  2  3  4  5  6  7 |
---------------+----------------------+-----
Stealth        | 6 7 8 10 | 10.5
Dodging        | 2 3 4 |  4.0
Short Blades   | 3 4 |  4.1
Fighting       | 2 |  2.7
Throwing       | 3 |  3.1
Spellcasting   | 1 |  1.7
Hexes          | 1 |  1.6
Conjurations   | |  0.6
Evocations     | |  0.2

Action                   |  1- 3 |  4- 6 |  7- 9 || total
-------------------------+-------+-------+-------++-------
Melee: Dagger            |    72 |   135 |    20 ||   227
       Kick              |       |    21 |     4 ||    25
       Punch             |       |     2 |       ||     2
Throw: Dart              |    12 |    18 |    20 ||    50
Evoke: Wand              |       |     1 |     1 ||     2
  Use: Scroll            |     5 |     7 |     1 ||    13
       Potion            |       |     2 |       ||     2
 Stab: Sleeping          |     7 |    17 |     3 ||    27
Armor: Robe              |    13 |    23 |       ||    36
Dodge: Dodged            |    34 |   100 |    13 ||   147
Block: Buckler           |       |       |     3 ||     3
